Map: Whirlwind LE (Void)

Players

Fropez - Winner!

  • Race: Protoss Protoss
  • League: Gold
  • Spawn Location: 11:00

BISONHEAD

  • Race: Terran Terran
  • League: Silver
  • Spawn Location: 7:00

VOD

Have the link to the VOD?

Description

Time

  • Played on: Nov. 29, 2016, 7:07 p.m.
  • Length: 13:56
Show
View Real Time Build Order
Export as new Build Order

Fropez Protoss - Winner!

Build Orders:  

Get SALT Encoding   

  12  0:00  Probe (Chrono Boost)  
  13  0:14  Pylon  
  13  0:18  Probe (Chrono Boost)  
  15  0:28  Probe (Chrono Boost)  
  15  0:35  Gateway  
  15  0:39  Probe (Chrono Boost)  
  16  0:46  Assimilator  
  16  0:49  Probe (Chrono Boost)  
  17  0:55  Assimilator  
  17  1:00  Probe (Chrono Boost)  
  18  1:10  Probe (Chrono Boost)  
  19  1:14  Pylon  
  19  1:21  Probe (Chrono Boost)  
  19  1:25  Cybernetics Core  
  20  1:31  Probe (Chrono Boost)  
  21  1:36  Gateway  
  21  1:42  Probe (Chrono Boost)  
  22  1:59  Pylon  
  24  2:01  Mothership Core (Chrono Boost)  
  24  2:19  Adept (Chrono Boost)  
  26  2:23  Stalker (Chrono Boost)  
  30  2:45  Nexus  
  30  2:47  Adept (Chrono Boost)  
  30  2:50  Stalker (Chrono Boost)  
  32  2:57  Probe  
  33  2:58  Warp Gate (Chrono Boost)  
  33  3:09  Probe  
  34  3:16  Stalker (Chrono Boost)  
  36  3:22  Probe  
  37  3:34  Probe  
  38  3:52  Stalker (Chrono Boost)  
  38  3:59  Probe  
  38  4:00  Probe  
  40  4:08  Gateway  
  40  4:09  Gateway  
  40  4:10  Probe  
  40  4:16  Assimilator  
  42  4:18  Mothership Core  
  42  4:23  Adept  
  40  5:01  Probe  
  40  5:02  Probe  
  42  5:10  Stalker  
  42  5:11  Probe, Stalker  
  47  5:14  Probe  
  48  5:21  Forge  
  48  5:22  Probe  
  48  5:23  Gateway  
  48  5:26  Probe  
  50  5:32  Probe  
  49  5:40  Adept x3  
  53  6:01  Probe, Assimilator  
  50  6:15  Stalker x3  
  48  6:39  Stalker x3  
  50  6:47  Pylon  
  50  6:48  Pylon  
  50  6:52  Pylon  
  48  7:16  Stalker  
  48  7:17  Stalker x3  
  52  7:44  Stalker x3  
  52  7:45  Stalker  
  58  8:19  Nexus  
  58  8:22  Assimilator  
  58  8:26  Assimilator  
  58  8:28  Pylon  
  58  8:31  Pylon  
  58  8:33  Adept x5  
  68  8:51  Probe x2  
  70  8:57  Gateway  
  70  8:59  Gateway  
  70  9:02  Gateway  
  70  9:03  Probe x2  
  70  9:04  Protoss Ground Weapons Level 1 (Chrono Boost)  
  72  9:13  Twilight Council  
  72  9:16  Pylon  
  72  9:18  Pylon  
  72  9:21  Stalker x5  
  82  9:51  Probe  
  82  9:52  Probe x2  
  85  9:58  Stalker x2  
  85  9:59  Stalker x2  
  93  10:20  Probe x2  
  95  10:21  Probe, Stargate  
  95  10:23  Stargate  
  95  10:25  Blink  
  72  10:50  Adept x5  
  72  10:51  Adept  
  84  11:07  Protoss Shields Level 1 (Chrono Boost), Robotics Facility  
  84  11:10  Void Ray (Chrono Boost)  
  88  11:19  Probe x2  
  68  12:02  Stalker x4  
  68  12:03  Stalker x3  
  68  12:08  Void Ray (Chrono Boost)  
  86  12:53  Void Ray (Chrono Boost)  
  94  12:58  Void Ray (Chrono Boost)  
  94  12:59  Observer  
  95  13:17  Zealot x6  
  95  13:18  Zealot  
Show
View Real Time Build Order
Export as new Build Order

BISONHEAD Terran 

Build Orders:  

Get SALT Encoding   

  12  0:02  SCV  
  13  0:14  SCV  
  14  0:24  Supply Depot  
  14  0:26  SCV  
  15  0:45  SCV  
  15  0:46  Supply Depot  
  15  0:49  Barracks  
  16  0:57  SCV  
  17  1:17  SCV  
  18  1:19  Refinery  
  18  1:23  Refinery  
  18  1:29  SCV  
  19  1:37  Marine  
  20  1:43  Barracks  
  20  1:46  SCV  
  21  1:47  Barracks  
  21  1:58  SCV  
  22  2:10  SCV  
  22  2:11  Supply Depot  
  23  2:17  Marine  
  24  2:23  SCV  
  25  2:35  Supply Depot  
  25  2:46  Marine  
  25  2:47  Marine x2  
  28  3:01  SCV  
  28  3:04  Marine x2  
  28  3:05  Marine  
  32  3:13  Engineering Bay  
  32  3:26  Command Center  
  32  3:38  Barracks Tech Lab  
  32  3:39  Barracks Reactor  
  32  3:42  Barracks Tech Lab  
  32  4:13  Missile Turret  
  32  4:24  Missile Turret  
  32  4:37  Marine, SCV  
  32  4:38  Marauder  
  36  4:47  Marine x2  
  37  4:55  Marine  
  37  4:59  Marauder  
  36  5:00  Missile Turret  
  36  5:05  Marine x2  
  35  5:07  Concussive Shells  
  35  5:10  SCV  
  35  5:13  Marine  
  37  5:20  Marauder  
  39  5:23  Marine x2  
  39  5:28  Missile Turret  
  41  5:30  Marine  
  41  5:34  Orbital Command  
  41  5:40  Marine  
  41  5:41  Marine x2  
  43  5:49  Marauder  
  45  5:56  Planetary Fortress  
  45  5:58  Marine  
  45  5:59  Marine  
  45  6:01  Marauder  
  43  6:05  Missile Turret  
  43  6:10  Marine  
  35  6:16  Marine  
  35  6:17  Marine  
  36  6:22  Marine  
  34  6:27  Marine  
  31  6:34  Marine x2  
  29  6:40  Marine  
  29  6:45  Marine  
  29  6:52  Marine  
  30  6:57  Marine  
  30  6:58  Marine  
  29  7:12  Factory  
  28  7:19  Barracks Tech Lab  
  28  7:22  Barracks Tech Lab  
  19  7:24  Barracks Tech Lab  
  19  7:27  SCV  
  7  7:38  Marauder  
  7  7:40  Marauder  
  7  7:54  SCV  
  8  8:00  Starport, Factory Tech Lab  
  10  8:07  SCV  
  6  8:19  SCV  
  5  8:26  Siege Tank  
  8  8:31  SCV  
  9  8:43  SCV  
  9  8:44  Starport Tech Lab  
  10  8:55  SCV  
  11  9:07  SCV  
  12  9:19  SCV  
  13  9:31  SCV  
  14  9:43  SCV  
  15  9:48  Supply Depot  
  15  10:10  Siege Tank  
  21  10:15  Supply Depot  
  14  10:51  SCV  
  15  11:01  Refinery  
  15  11:03  SCV  
  16  11:05  Engineering Bay  
  16  11:07  Siege Tank  
  19  11:15  SCV  
  19  11:27  SCV  
  20  11:33  Hi-Sec Auto Tracking  
  20  11:37  Barracks Tech Lab  
  20  11:39  SCV  
  8  12:04  SCV  
  9  12:14  Marauder  
  11  12:17  SCV  
  12  12:45  SCV  
  13  12:57  SCV  
  13  12:59  Marauder  
  15  13:25  Marauder  
  15  13:38  Engineering Bay  
Tags
 
Matchup
PvT
Replay Pack
All Mines
Spawn Locations
Close Positions
Add a new tag
Caveats
  • Supply blocks, unpowered buildings, or Contaminate may cause inaccurate times.
  • Supply counts are checked every 10 seconds.